 Dungeon Crawl Stone Soup version 0.31.0-32-g396128a36d (webtiles) character file.

Game seed: 15132873754079864774

31631 Logoto the Severer (level 13, -6/119 HPs)
             Began as a Hill Orc Berserker on Mar 26, 2024.
             Was an Elder of Trog.
             Mangled by a blink frog (7 damage)
             ... on level 2 of the Lair of Beasts.
             The game lasted 00:45:54 (14435 turns).

Logoto the Severer (Hill Orc Berserker)            Turns: 14435, Time: 00:45:54

Health: -6/119     AC: 31    Str: 28    XL:     13   Next: 59%
Magic:  13/13      EV:  9    Int:  7    God:    Trog [****..]
Gold:   564        SH:  5    Dex: 10    Spells: 12/12 levels left

rFire   . . .        R - +2 battleaxe (venom)
rCold   + . .        (shield currently unavailable)
rNeg    . . .        a - +6 plate armour {ponderous}
rPois   +            k - +2 hat
rElec   .            m - +0 cloak
rCorr   .            (no gloves)
SInv    .            Q - +1 pair of boots
Will    .....        z - amulet "Melopn" {Reflect rC+ Str+3 SH+5} Stlth
                     p - +4 ring of protection
HPRegen 0.39/turn    v - ring of poison resistance
MPRegen 0.13/turn

%: reflection
@: on berserk cooldown, slowed, very slow
A: no striking features
a: Renounce Religion, Berserk, Trog's Hand, Brothers in Arms


You were on level 2 of the Lair of Beasts.
You worshipped Trog.
Trog was greatly pleased with you.
You visited 2 branches of the dungeon, and saw 12 of its levels.

You collected 608 gold pieces.
You spent 44 gold pieces at shops.

Inventory:

Hand Weapons
 i - a +0 war axe
 K - a +1 morningstar of freezing
 R - a +2 battleaxe of venom (weapon)
Missiles
 f - 4 curare-tipped darts
 q - 22 poisoned darts (quivered)
 A - 2 throwing nets
Armour
 a - a +6 plate armour of ponderousness (worn)
 k - a +2 hat (worn)
 l - a +0 ring mail
 m - a +0 cloak (worn)
 G - a +0 kite shield
 Q - a +1 pair of boots (worn)
Jewellery
 p - a +4 ring of protection (left hand)
 v - a ring of poison resistance (right hand)
 z - the amulet "Melopn" (around neck) {Reflect rC+ Str+3 SH+5}
   (You found it on level 4 of the Dungeon)

   [amulet of reflection]

   Reflect:   It reflects blocked missile attacks.
   Str+3:     It affects your strength (+3).
   rC+:       It protects you from cold.
   SH+5:      It affects your SH (+5).
 F - a ring of willpower
 H - a ring of flight
 L - a ring of resist corrosion
 N - a ring of fire
Wands
 x - a wand of charming (18)
 B - a wand of iceblast (14)
 M - a wand of acid (6)
Scrolls
 b - a scroll of enchant armour {unknown}
 e - 2 scrolls of fear
 g - 3 scrolls of fog
 h - a scroll of silence {unknown}
 j - a scroll of summoning {unknown}
 r - a scroll of noise
 u - a scroll of amnesia {unknown}
 y - 3 scrolls of blinking
 C - a scroll of enchant weapon {unknown}
 D - 2 scrolls of immolation
 E - a scroll of revelation {unknown}
 J - 3 scrolls of brand weapon {unknown}
 O - 4 scrolls of poison
 P - a scroll of vulnerability {unknown}
 T - a scroll of teleportation
Potions
 c - 5 potions of ambrosia
 d - 5 potions of lignification
 n - 4 potions of curing
 o - 3 potions of mutation
 s - 2 potions of magic
 t - 3 potions of enlightenment
 w - 3 potions of attraction
 I - a potion of might {unknown}


   Skills:
 + Level 12.7 Fighting
 + Level 18.1 Axes
 + Level 2.1(10.2) Maces & Flails
 + Level 11.0 Armour
 + Level 4.6 Dodging
 + Level 0.8 Stealth
 + Level 11.1 Shields


You had 12 spell levels left.
You didn't know any spells.
Your spell library was empty.

Dungeon Overview and Level Annotations

Branches:
Dungeon (10/15)            Temple (0/1) D:6            Lair (2/5) D:8
    Orc (0/2) D:10
  Swamp: Lair:2-3    Shoals: Lair:2-3     Snake: Lair:2-3    Spider: Lair:2-3

Altars:
Cheibriados
Dithmenos
Elyvilon
Hepliaklqana
Makhleb
Nemelex Xobeh
Qazlal
Trog
Wu Jian
Xom
Zin
The Shining One

Shops:
D:3 (?*!   D:7 :   D:8 !

Annotations:
D:5 1 runed translucent door, seawaffle's ghost, amateur MiBe
D:9 2 transporters, middlethird's ghost, novice VSIE


Message History

The death yak gores you but does no damage. x2
The death yak gores you!
* * * LOW HITPOINT WARNING * * *
You block the death yak's attack.
Things that are here:
a death yak corpse; a blink frog corpse The blink frog blinks!
Okay, then.
You slash the death yak!
The death yak looks as sick as possible!
The death yak is almost dead.
You kill the death yak!
Trog accepts your kill.
Your Armour skill increases to level 11!
You slice the death yak!!
The death yak looks as sick as possible!
The death yak is moderately wounded.
The death yak barely misses you. The blink frog closely misses you.
You slash the death yak!
The death yak looks as sick as possible!
The death yak is heavily wounded.
You barely miss the blink frog. The blink frog barely misses you.
The death yak gores you.
* * * LOW HITPOINT WARNING * * *
The blink frog completely misses you.
You slice the death yak!!
The death yak looks as sick as possible!
The death yak is almost dead.
You miss the blink frog. The death yak gores you!!
* * * LOW HITPOINT WARNING * * *
The blink frog hits you but does no damage.
You hit the death yak.
The death yak looks as sick as possible!
The death yak is almost dead.
You slash the blink frog!
The blink frog is poisoned.
You kill the death yak!
Trog accepts your kill.
The blink frog hits you but does no damage.
The blink frog hits you!
You die...

.. #. .. ##.##. ..#
#...#. P.# #.... #.#
#..#. #.## #
#....########..#
#...#...#.#P#...#
#.P..††@F.....#
#......##..##..# ..#
.......########.# ...#
#.....# #######.##..###
#...#!###.....#.......#
###..##..##..#...#.....
.............#.......
..........⌠...+...⌠...
.............#.#.....


You could see a blink frog (very poisoned).

Vanquished Creatures
  An ogre mage (D:9)
  2 hydras
  A boulder beetle (D:9)
  6 two-headed ogres
  10 death yaks
  Pikel (D:4)
  3 cyclopes (D:9)
  4 elephants (Lair:1)
  A black mamba (Lair:1)
  Jeremiah (D:7)
  3 cane toads
  2 kobold demonologists (D:9)
  3 komodo dragons
  An unseen horror (D:10)
  2 trolls
  5 blink frogs
  A hornet (D:9)
  A shadow (D:9)
  A wyvern (D:9)
  26 yaks
  2 basilisks
  8 wargs (D:9)
  A steam dragon (D:9)
  A vampire mosquito (D:9)
  5 water moccasins
  3 hell hounds (D:9)
  9 orc warriors
  3 sky beasts
  4 black bears
  4 ogres
  16 wolves
  3 centaurs
  A lemure (D:5)
  A phantom (D:5)
  5 kobold brigands
  7 bullfrogs
  5 gnoll sergeants
  5 wights (D:6)
  11 howler monkeys
  6 jellies
  2 bombardier beetles (D:4)
  4 hounds
  14 orc priests
  An iguana (D:4)
  3 iron imps (D:3)
  8 gnoll boudas
  Terence (D:2)
  13 orc wizards
  23 gnolls
  8 adders
  A shadow imp (D:8)
  4 ufetubi
  3 dart slugs
  A ribbon worm (D:2)
  46 orcs
  8 bats
  8 endoplasms
  5 giant cockroaches
  11 goblins
  3 hobgoblins
  15 jackals
  3 kobolds
  3 quokkas
  7 ball pythons
  5 frilled lizards
  7 rats
382 creatures vanquished.

Vanquished Creatures (others)
  An orc warrior (D:10)
  A centaur (D:10)
  A bombardier beetle (D:4)
3 creatures vanquished.

Grand Total: 385 creatures vanquished

Notes
Turn   | Place    | Note
-------+----------+-------------------------------------------
     0 | D:1      | Logoto the Hill Orc Berserker began the quest for the Orb.
     0 | D:1      | Reached XP level 1. HP: 19/19 MP: 1/1
   104 | D:1      | Reached XP level 2. HP: 27/27 MP: 2/2
   940 | D:1      | Reached XP level 3. HP: 18/33 MP: 3/3
  1343 | D:2      | Found an ornate altar of the Wu Jian Council.
  1367 | D:2      | Reached ** piety under Trog
  1384 | D:2      | Noticed Terence
  1390 | D:2      | Reached skill level 5 in Axes
  1391 | D:2      | Killed Terence
  1392 | D:2      | Reached XP level 4. HP: 40/40 MP: 4/4
  1985 | D:3      | Found Zouded's Magic Scroll Shop.
  1994 | D:3      | Reached XP level 5. HP: 47/47 MP: 5/5
  2013 | D:3      | Bought a scroll of identify for 22 gold pieces
  2013 | D:3      | Bought a scroll of identify for 22 gold pieces
  2191 | D:3      | Found Mituwn's Antique Weapon Emporium.
  2301 | D:3      | Found a stormy altar of Qazlal.
  2346 | D:3      | Found Sunedaz's Assorted Antiques.
  2363 | D:3      | Found Tatuul's Distillery.
  2446 | D:3      | Found a snail-covered altar of Cheibriados.
  2522 | D:3      | Found a burning altar of Makhleb.
  2544 | D:3      | Reached skill level 6 in Axes
  2555 | D:3      | Reached skill level 1 in Shields
  2676 | D:4      | Reached XP level 6. HP: 53/53 MP: 6/6
  2863 | D:4      | Identified the amulet "Melopn" {Reflect rC+ Str+3 SH+5}
  3015 | D:4      | Reached skill level 7 in Axes
  3082 | D:4      | Reached *** piety under Trog
  3268 | D:4      | Reached skill level 5 in Fighting
  3268 | D:4      | Reached XP level 7. HP: 61/61 MP: 7/7
  3503 | D:5      | Entered Level 5 of the Dungeon
  3527 | D:5      | Noticed Pikel
  3528 | D:5      | Reached skill level 8 in Axes
  3569 | D:4      | Killed Pikel
  3570 | D:4      | Reached skill level 9 in Axes
  3570 | D:4      | Reached XP level 8. HP: 39/70 MP: 8/8
  3828 | D:5      | Found a runed translucent door.
  3831 | D:5      | Noticed seawaffle's ghost (amateur MiBe)
  4765 | D:7      | Found a sparkling altar of Nemelex Xobeh.
  4836 | D:6      | Reached skill level 10 in Axes
  4942 | D:6      | Reached skill level 5 in Armour
  4978 | D:6      | Reached XP level 9. HP: 50/78 MP: 9/9
  4983 | D:6      | Reached skill level 11 in Axes
  5088 | D:6      | Reached **** piety under Trog
  5745 | D:6      | Found a staircase to the Ecumenical Temple.
  6115 | D:7      | Reached skill level 12 in Axes
  6358 | D:7      | Noticed Jeremiah
  6608 | D:7      | Killed Jeremiah
  6844 | D:7      | Found Luumeer's Self-Published Books.
  7012 | D:8      | Found Luthroem's Distillery.
  7030 | D:8      | Reached skill level 13 in Axes
  7030 | D:8      | Reached XP level 10. HP: 85/88 MP: 10/10
  7190 | D:8      | Noticed a two-headed ogre
  7196 | D:8      | Killed a two-headed ogre
  7197 | D:8      | Reached skill level 5 in Shields
  7447 | D:8      | Noticed a death yak
  7447 | D:8      | Noticed a death yak
  7476 | D:8      | Killed a death yak
  7548 | D:8      | Found a staircase to the Lair.
  7548 | D:8      | Noticed a death yak
  7559 | D:8      | Noticed a death yak
  7560 | D:8      | Noticed a death yak
  7571 | D:8      | Killed a death yak
  7572 | D:8      | Reached skill level 14 in Axes
  7617 | D:7      | Killed a death yak
  7619 | D:7      | Killed a death yak
  7620 | D:7      | Reached XP level 11. HP: 48/95 MP: 11/11
  7810 | D:8      | Killed a death yak
  7811 | D:8      | Reached skill level 15 in Axes
  7872 | D:8      | Found a bloodstained altar of Trog.
  7882 | D:8      | Found a hazy altar of Hepliaklqana.
  7932 | D:8      | Found a shadowy altar of Dithmenos.
  8595 | D:9      | Found a glowing golden altar of the Shining One.
  8595 | D:9      | Found a glowing silver altar of Zin.
  8595 | D:9      | Found a white marble altar of Elyvilon.
  8628 | D:9      | Found a transporter.
  8631 | D:9      | Noticed middlethird's ghost (novice VSIE)
  8796 | D:9      | Found a transporter.
  9267 | D:9      | Noticed a two-headed ogre
  9267 | D:9      | Noticed an ogre mage
  9274 | D:9      | Noticed a two-headed ogre
  9278 | D:9      | Noticed a cyclops
  9634 | D:9      | Killed a two-headed ogre
  9678 | D:9      | Noticed a two-headed ogre
  9683 | D:9      | Paralysed by an ogre mage for 2 turns
  9692 | D:9      | Killed a two-headed ogre
  9696 | D:9      | Killed an ogre mage
  9741 | D:9      | Reached skill level 16 in Axes
  9838 | D:9      | Identified the +4 quarterstaff of the Seven Ears {freeze,
                  | +Blink}
  9851 | D:9      | Noticed a cyclops
  9876 | D:9      | Killed a cyclops
  9877 | D:9      | Reached skill level 10 in Fighting
 10122 | D:9      | Noticed a sun demon
 10190 | D:9      | Reached XP level 12. HP: 104/106 MP: 12/12
 10276 | D:9      | Killed a two-headed ogre
 10359 | D:9      | Noticed a two-headed ogre
 10367 | D:9      | Killed a two-headed ogre
 11369 | D:10     | Entered Level 10 of the Dungeon
 11369 | D:10     | Noticed a boulder beetle
 11493 | D:9      | Killed a boulder beetle
 11667 | D:10     | Noticed a two-headed ogre
 11672 | D:10     | Killed a two-headed ogre
 11852 | D:10     | Noticed a six-headed hydra
 11910 | D:10     | Killed a six-headed hydra
 11911 | D:10     | Reached skill level 10 in Shields
 12097 | D:10     | Found a shimmering altar of Xom.
 12128 | D:10     | Reached skill level 1 in Maces & Flails
 12401 | D:10     | Found a staircase to the Orcish Mines.
 12433 | D:10     | Reached skill level 10 in Armour
 12756 | Lair:1   | Entered Level 1 of the Lair of Beasts
 12843 | Lair:1   | Reached XP level 13. HP: 117/117 MP: 13/13
 12847 | Lair:1   | Reached skill level 17 in Axes
 14427 | Lair:2   | Reached skill level 18 in Axes
 14434 | Lair:2   | HP: 1/119 [death yak (18)]
 14435 | Lair:2   | Mangled by a blink frog

Illustrated notes

Levels and vault maps discovered:
D:1:      dpeg_arrival_refuge, layout_loops_corners, minmay_cupped
D:2:      layout_loops_cross, basic_altar, uniq_terence
D:3:      layout_basic, mainiacjoe_overflow_boulevard, demons_altar,
          grunt_qazlal_clouds, serial_shops, nicolae_shop_waterfront,
          shop_scrolls, shop, nicolae_shop_rolling_square, minmay_box_of_dots
D:4:      layout_cave_pods
D:5:      nicolae_cairo_tiling_large_dashed, layout_gridville,
          ebering_ghost_inner_flame, chequers_avenue, uniq_pikel
D:6:      layout_gridville, minmay_temple_entry_butterflies
D:7:      layout_basic, old_standard_altar, nicolae_custom_books,
          solitary_fountain, uniq_jeremiah
D:8:      layout_basic, old_standard_altar, mainiacjoe_overflow_big_doors,
          dpeg_lair_monsters, serial_shops, nicolae_diamond_shop, st_stairs_14,
          dreamdust_mushroom_princess
D:9:      lemuel_castle_with_subvaults [lemuel_castle_interior_carwin_2],
          layout_stronghold, good_gods_mini_temple, gammafunk_ghost_stat_death
D:10:     layout_loops_ring, xom_confusion_cloud,
          kennysheep_orc_monster_closet_entryway
Lair:1:   layout_cave_pods, grunt_megastairs_5, lemuel_fruit_tree
Lair:2:   layout_loops_ring, infiniplex_staircase_pool_2, grunt_megastairs_1,
          serial_bayou_shore_b

Skill      XL: |  1  2  3  4  5  6  7  8  9 10 11 12 13 |
---------------+----------------------------------------+-----
Fighting       | 4 5 6 7 8 10 11 12 | 12.7
Axes           | 5 6 7 9 10 13 14 16 18 | 18.1
Armour         | 3 4 5 6 8 10 11 | 11.0
Dodging        | 2 3 4 |  4.6
Shields        | 1 2 3 4 6 8 10 11 | 11.1
Maces & Flails | 1 2 |  2.1
Stealth        | |  0.8

Action                     |  1- 3 |  4- 6 |  7- 9 | 10-12 | 13-15 || total
---------------------------+-------+-------+-------+-------+-------++-------
  Melee: Hand axe          |    45 |       |       |       |       ||    45
         War axe           |    50 |   164 |   334 |   627 |       ||  1175
         Morningstar       |       |       |       |    12 |     7 ||    19
         Battleaxe         |       |       |       |     8 |   156 ||   164
  Throw: Dart              |       |       |     1 |       |       ||     1
 Invoke: Berserk           |     3 |     5 |    12 |    35 |     4 ||    59
    Use: Scroll            |       |     2 |     4 |     9 |     1 ||    16
         Potion            |       |       |     1 |     3 |       ||     4
 Armour: Animal skin       |    12 |       |       |       |       ||    12
         Ring mail         |    46 |    94 |   164 |       |       ||   304
         Leather armour    |     7 |       |       |       |       ||     7
         Plate armour      |       |       |       |   367 |   212 ||   579
  Dodge: Dodged            |    46 |    75 |   142 |   113 |    97 ||   473
  Block: Buckler           |     6 |    49 |   151 |       |       ||   206
         Reflection        |       |     1 |     2 |    16 |       ||    19
         Kite shield       |       |       |     2 |   414 |       ||   416
         Other             |       |       |       |       |    47 ||    47
